 Dungeon Crawl Stone Soup version 0.29.0-4-gdea44cf6ec (webtiles) character file.

Game seed: 987279199163151414

40 qw the Sneak (level 3, -3/17 HPs)
             Began as a Felid Delver on Aug 27, 2022.
             Slain by a worm (7 damage)
             ... on level 4 of the Dungeon.
             The game lasted 00:00:00 (408 turns).

qw the Sneak (Felid Delver)                          Turns: 408, Time: 00:00:01

Health: -3/17      AC:  1    Str:  8    XL:     3   Next: 30%
Magic:  4/4        EV: 18    Int: 11    God:
Gold:   13         SH:  0    Dex: 19    Spells: 2/2 levels left
                                        Lives:  0   Deaths: 0

rFire   . . .      SeeInvis +     - Unarmed
rCold   . . .      Faith    .   (shield unavailable)
rNeg    . . .      Spirit   .   (body armour unavailable)
rPois   .          Reflect  .   (helmet unavailable)
rElec   .          Harm     .   (cloak unavailable)
rCorr   .          Rampage  .   (gloves unavailable)
Will    .....                   (boots unavailable)
Stlth   ++++......              (no amulet)
HPRegen 0.05/turn               (no ring)
MPRegen 0.09/turn               (no ring)

@: lethally poisoned (-3 -> -5), quick
A: very small, claws 1, fangs 3, see invisible, speed 1, shaggy fur 1, stealthy
paws, no weapons or thrown items, no armour, multi-lived
a: no special abilities


You were on level 4 of the Dungeon.
You visited 1 branch of the dungeon, and saw 2 of its levels.

You collected 13 gold pieces.


Innate Abilities, Weirdness & Mutations

You have sharp claws.
You have razor-sharp teeth.
You have supernaturally acute eyesight. (SInv)
You cover ground quickly. (Speed+)
You are covered in fur. (AC +1)
Your paws help you pounce on unaware monsters.
You are incapable of wielding weapons or throwing items.
You cannot wear armour.
You gain extra lives every three experience levels.


   Skills:
 - Level 3.0 Fighting
 - Level 3.1 Dodging
 - Level 6.6 Stealth
 + Level 3.6 Unarmed Combat


You had 2 spell levels left.
You didn't know any spells.
Your spell library was empty.

Inventory:

Wands
 e - a wand of digging (3)
Potions
 a - a potion of lignification {unknown}
 d - a potion of haste

Dungeon Overview and Level Annotations

Branches:
Dungeon (5/15)
 Temple: D:4-7

Altars:


Message History

a - a bubbling black potion
Found a robe.
An orc comes into view. It is wielding a +0 short sword.
The orc shouts!
An orc comes into view. It is wielding a +0 hand axe.
An orc comes into view. It is wielding a +0 whip.
The orc misses you.
There is a stone staircase leading up here.
401 ||| STAIRDANCE The orc hits you with a +0 short sword.
You climb upwards.
Found a stone staircase leading down.
There is a stone staircase leading down here.
Existing waypoints: (2) D:5 Assign waypoint to what number? (0-9, D - delete waypoint) Waypoint 1 assigned to D:4.
Enter note: You scratch the orc.
Your bite misses the orc.
The orc is heavily wounded.
The orc shouts!
The orc wizard shouts!
The adder hisses angrily.
The orc shouts!
The orc completely misses you.
You closely miss the orc.
The orc is heavily wounded.
An orc comes into view. It is wielding a +0 dagger.
The orc hits you with a +0 short sword.
405 ||| Stepping ~*~*~tactically~*~*~ (outnumbered).
The adder bites you.
You scratch the orc.
You kill the orc!
The adder bites you.
You are poisoned.
The adder poisons you!
You barely miss the adder.
You feel sick. The adder bites you but does no damage.
The adder closely misses you.
You scratch the adder. You claw the adder.
The adder is moderately wounded.
You feel sick. The worm bites you!
You die...

### ..# #.# #
#.# #.##.##.##
#.....@S.#
#.##o##w.#
#.........#
......>......
##..#..#...###.#
#. #oo##.##


o.o .. .#. ## .... You could see a worm, an orc wizard and an adder.

Vanquished Creatures
  A hound (D:5)
  An adder (D:5)
  An orc (D:4)
3 creatures vanquished.

Notes
Turn   | Place    | Note
-------+----------+-------------------------------------------
     0 | D:5      | qw the Felid Delver began the quest for the Orb.
     0 | D:5      | Reached XP level 1. HP: 10/10 MP: 2/2
     0 | D:5      | 0 ||| qw: Version: 0.1-a-89-g26bdef1
     0 | D:5      | 0 ||| qw: Game counter: 45
     0 | D:5      | 0 ||| qw: Always use a shield: true
     0 | D:5      | 0 ||| qw: God list: Okawaru, Trog
     0 | D:5      | 0 ||| qw: Allow faded altars: false
     0 | D:5      | 0 ||| qw: Do Orc after D:15 true
     0 | D:5      | 0 ||| qw: Do second Lair branch before Depths: true
     0 | D:5      | 0 ||| qw: Lair rune preference: random
     0 | D:5      | 0 ||| qw: Plans: Normal
     0 | D:5      | 0 ||| PLANNING D:1-11
    19 | D:5      | Noticed a hound
    31 | D:5      | HP: 1/10 [hound (6)]
    33 | D:5      | Killed a hound
    34 | D:5      | Reached skill level 3 in Unarmed Combat
    34 | D:5      | Reached XP level 2. HP: 2/14 MP: 3/3
    34 | D:5      | Reached XP level 3. HP: 3/17 MP: 4/4
    36 | D:5      | HP: 1/17 [adder (2)]
    47 | D:5      | Reached skill level 3 in Dodging
   381 | D:5      | 381 ||| DROPPING scroll of fog.
   382 | D:5      | 382 ||| DROPPING scroll of magic mapping.
   383 | D:5      | 383 ||| DROPPING scroll of fear.
   401 | D:5      | 401 ||| STAIRDANCE
   405 | D:4      | 405 ||| Stepping ~*~*~tactically~*~*~ (outnumbered).
   408 | D:4      | HP: 4/17 [poisoned by an adder]
   408 | D:4      | Slain by a worm

Levels and vault maps discovered:
D:4:      layout_loops_ring, uniq_blork_the_orc
D:5:      layout_gridville, uniq_menkaure

Skill      XL: |  1  2  3 |
---------------+----------+-----
Unarmed Combat | 3 |  3.6
Dodging        | 3 |  3.1
Fighting       | |  3.0
Stealth        | |  6.6

Action                   || total
-------------------------++-------
Melee: Unarmed           ||    24
       Bite              ||     1
       Punch             ||     1
Armor: Skin              ||     2
Dodge: Dodged            ||    20

Table legend:
 A = Non-vault XP
 B = Vault XP
 C = Vault XP percentage of total XP
 D = Non-vault monster count
 E = Vault monster count
 F = Vault count percentage of total count
                 A         B        C        D         E       F
            +---------+---------+-------+---------+---------+-------
      Total |      58 |       0 |   0.0 |       3 |       0 |   0.0
            +---------+---------+-------+---------+---------+-------
        D:4 |       3 |       0 |   0.0 |       1 |       0 |   0.0
        D:5 |      55 |       0 |   0.0 |       2 |       0 |   0.0
            +---------+---------+-------+---------+---------+-------
